 Dungeon Crawl Stone Soup version 0.29-a0-1006-g0dd7720b37 (webtiles) character file.

Game seed: 14560457543823666180

60 Sabo the Conjurer (level 4, 27/27 HPs)
             Began as an Octopode Conjurer on Aug 6, 2022.
             Was a Follower of Trog.
             Got out of the dungeon alive.
             The game lasted 00:12:33 (3248 turns).

Sabo the Conjurer (Octopode Conjurer)               Turns: 3248, Time: 00:12:34

Health: 27/27      AC:  1    Str:  6    XL:     4   Next: 6%
Magic:  7/7        EV: 13    Int: 22    God:    Trog [*.....]
Gold:   62         SH:  0    Dex: 10    Spells: 4/7 levels left

rFire   . . .      SeeInvis .   e - +0 hand axe
rCold   . . .      Faith    .   (no shield)
rNeg    . . .      Spirit   .   (helmet restricted)
rPois   .          Reflect  .   (no amulet)
rElec   .          Harm     .   (no ring)
rCorr   .          Rampage  .   (no ring)
Will    .....                   (no ring)
Stlth   +++.......              (no ring)
HPRegen 0.09/turn               (no ring)
MPRegen 0.10/turn               (no ring)
                                (no ring)
                                (no ring)

@: no status effects
A: almost no armour, amphibious, 8 rings, camouflage 1, gelatinous body 1,
(nimble swimmer 1), tentacles
a: Renounce Religion, Berserk


You escaped.
You worshipped Trog.
Trog was aware of your devotion.
You visited 1 branch of the dungeon, and saw 2 of its levels.

You collected 62 gold pieces.

Inventory:

Hand Weapons
 b - a +0 sling
 e - a +0 hand axe (weapon)
Wands
 i - a wand of flame (12)
 m - a wand of mindburst (16)
Scrolls
 d - a scroll of poison {unknown}
 g - a scroll of teleportation {unknown}
 j - a scroll of vulnerability {unknown}
 k - a scroll of enchant armour {unknown}
 n - a scroll of identify {unknown}
Potions
 a - 2 potions of magic
 c - a potion of invisibility {unknown}
 f - a potion of degeneration {unknown}
 h - a potion of resistance {unknown}
 l - 2 potions of curing {unknown}


   Skills:
 + Level 0.1 Fighting
 + Level 2.0 Dodging
 + Level 4.0 Stealth
 - Level 2.3 Spellcasting
 - Level 4.8 Conjurations


You had 4 spell levels left.
You knew the following spells:

 Your Spells              Type           Power      Damage    Failure   Level
a - Magic Dart            Conj           92%        1d7       1%          1
b - Searing Ray           Conj           46%        2d6       2%          2

Your spell library contained the following spells:

 Spells                   Type           Power      Damage    Failure   Level
 Dazzling Flash           Conj/Hex       26%        N/A       14%         3
 Gell's Gravitas          Tloc           2%         N/A       38%         3
 Teleport Other           Tloc           2%         N/A       38%         3
 Fulminant Prism          Conj/Hex       6%         3d7       43%         4
 Iskenderun's Mystic Bla  Conj/Tloc      13%        2d5       43%         4
 Dispersal                Tloc           1%         N/A       100%        6
 Borgnjor's Revivificati  Necr           1%         N/A       100%        8
 Necromutation            Tmut/Necr      1%         N/A       100%        8
 Death's Door             Necr           1%         N/A       100%        9


Dungeon Overview and Level Annotations

Branches:
Dungeon (2/15)

Altars:
Trog


Innate Abilities, Weirdness & Mutations

You cannot wear most types of armour.
You are amphibious.
You can wear up to eight rings at the same time.
Your skin changes colour to match your surroundings (Stealth+).
Your rubbery body absorbs attacks. (AC +1, EV +1)
((You are camouflaged when in or above water. (Stealth+)))
You have tentacles for arms and can constrict up to eight enemies at once.


Message History

Found a book of Weapons.
You see here a potion of magic.
You barely miss the ball python.
The ball python hisses angrily.
Your grab misses the ball python. The ball python closely misses you. x2
The ball python barely misses you. The ball python grabs you.
The ball python constricts you.
You closely miss the ball python. Your grab misses the ball python.
Your squeeze misses the ball python. The ball python closely misses you.
The ball python constricts you.
You closely miss the ball python. You grab the ball python.
You constrict the ball python. The ball python bites you.
The ball python constricts you. The ball python misses you.
The ball python constricts you.
You hit the ball python.
You kill the ball python!
Trog accepts your kill.
a - 2 potions of magic (gained 1)
You see here a book of Weapons.
n - a scroll labelled PECWIA JOSY You see here a +0 dagger.
There is an escape hatch in the ceiling here.
You can't go down here!
A mysterious force pulls you upwards. The hatch slams shut behind you.
There is an open door here.
There is an open door here.
There is a large open door here.
There is a large open door here.
You open the large door.
There is a large open door here.
There is a large open door here.
You open the large door.
There is a large open door here.
There is a large open door here.
You see here a +1 barding.
There is an open door here.
There is a staircase leading out of the dungeon here.
You can't go down here!
Are you sure you want to leave the Dungeon?
This will make you lose the game!
You have escaped!

........#..###>#######.# #.#
.##.###.#..# #.........# #..
.##.# #....###.######### ###
###.# ###......# #.# #.######
#### #.#####.## ###########
###... #........# #≈≈≈≈≈≈≈≈≈##
##≈≈≈≈≈ ###.###..#
#≈#######≈#~♣~#≈####
#.###..###≈#@...8####8####8..
###.........≈#.....'.......'...
#........##.≈#8...8##8#'#8##8..
#.#..#...##.≈###'######'######'
#.#.......#.≈#~#.##♣♣.....♣♣##.
###.#......###≈♣♣8.#♣~.......~♣#.
.......#..## #≈#~#.8#.........#8.
.##.####..# ##≈###.##...~♣~...##.
.##.# #..# #..''.[''...♣8♣...''.


There were no monsters in sight!

Vanquished Creatures
  2 adders (D:2)
  A worm (D:2)
  2 bats (D:2)
  4 endoplasms
  3 giant cockroaches
  5 goblins
  5 hobgoblins
  5 kobolds
  A quokka (D:2)
  5 ball pythons
  A frilled lizard (D:1)
  A rat (D:1)
35 creatures vanquished.

Notes
Turn   | Place    | Note
-------+----------+-------------------------------------------
     0 | D:1      | Sabo the Octopode Conjurer began the quest for the Orb.
     0 | D:1      | Reached XP level 1. HP: 11/11 MP: 3/3
   691 | D:1      | Reached XP level 2. HP: 17/17 MP: 1/5
  1820 | D:2      | Reached XP level 3. HP: 18/21 MP: 3/6
  2804 | D:2      | Found a faded altar of an unknown god.
  2838 | D:2      | Learned a level 2 spell: Searing Ray
  2976 | D:2      | Prayed at the altar of an unknown god.
  2976 | D:2      | Became a worshipper of Trog the Wrathful
  2976 | D:2      | Reached * piety under Trog
  3083 | D:2      | Reached XP level 4. HP: 27/27 MP: 7/7
  3248 | D:$      | Got out of the dungeon alive.

Illustrated notes

Levels and vault maps discovered:
D:1:      saegor_arrival_fortress, layout_loops_corners
D:2:      layout_rooms, shapermc_ecumenical_altar_starsandcircs,
          minmay_quantized

Skill      XL: |  1  2  3  4 |
---------------+-------------+-----
Stealth        | 3 4 |  4.0
Fighting       | |  0.1
Dodging        | |  2.0
Spellcasting   | |  2.3
Conjurations   | |  4.8

Action                   |  1- 3 |  4- 6 || total
-------------------------+-------+-------++-------
Melee: Unarmed           |     3 |       ||     3
       Tentacles         |     5 |       ||     5
       Constrict         |     4 |     1 ||     5
       Hand axe          |    13 |     5 ||    18
 Cast: Magic Dart        |    48 |       ||    48
Armor: Skin              |     3 |       ||     3
Dodge: Dodged            |     5 |     5 ||    10

Table legend: (Time is in decaauts)
 A = Elapsed time spent in this place.
 B = Non-inter-level travel time spent in this place.
 C = Inter-level travel time spent in this place.
 D = Time resting spent in this place.
 E = Time spent auto-exploring this place.
 F = Levels seen in this place.
 G = Mean time per level.
                   A        B        C        D        E       F      G
               +--------+--------+--------+--------+--------+-----+--------+
         Total |   3251 |   3251 |      0 |   1600 |      0 |   2 | 1625.5 |
       Dungeon |   3251 |   3251 |      0 |   1600 |      0 |   2 | 1625.5 |
               +--------+--------+--------+--------+--------+-----+--------+

Top non-repeatable levels by time:
     D:1: 1713 daAuts
     D:2: 1538 daAuts
